[Event "*** Titled Tuesday Blitz"]
[Site "Chess.com"]
[Date "2020.03.03"]
[Round "5"]
[White "mitraasz"]
[Black "MathiasWomacka"]
[Result "1-0"]
[WhiteElo "2122"]
[BlackElo "2390"]
[TimeControl "180+1"]
[EndTime "9:52:52 PST"]
[Termination "mitraasz won by checkmate"]

1. d4 Nf6 2. Nf3 e6 3. e3 c5 4. Bd3 d5 5. O-O Nc6 6. Nbd2 Bd6 7. b3 cxd4 8. exd4 O-O 9. Bb2 b6 10. a3 Bb7 11. Re1 Rc8 12. Ne5 Ne7 13. Re3 Qc7 14. Rh3 Ng6 15. Nxg6 hxg6 16. Nf3 Ne4 17. Ne5 Qe7 18.
f3 Ng5 19. Rg3 Rfe8 20. Qd2 Nh7 21. Qf4 Nf6 22. Rh3 Nh5 23. Qg4 Qf6 24. Rxh5 gxh5 25.
Qxh5 g6 26. Qg4 Kg7 27. Re1 Rh8 28. Nxg6 Bxh2+ 29. Kf1 fxg6 30. Rxe6 Qf7 31. Rxg6+ Kf8 32. Rg5 Rh6 33. Rf5 Rf6 34. Qh3 Rxf5 35. Bxf5 Re8 36. Qh8+ Ke7 37. Qxh2 Qxf5 38. Qc7+ Qd7 39. Qe5+ Kd8 40.
Qb8+ Bc8 41. Bc1 Qf7 42. Bg5+ Kd7 43. Qxa7+ Ke6 44. Qxb6+ Kf5 45. Qh6 Qe6 46. g4# 1-0

[Event "*** Titled Tuesday Blitz"]
[Site "Chess.com"]
[Date "2020.03.03"]
[Round "5"]
[White "Babas"]
[Black "ZenBull"]
[Result "1/2-1/2"]
[WhiteElo "2378"]
[BlackElo "2146"]
[TimeControl "180+1"]
[EndTime "9:52:52 PST"]
[Termination "Game drawn by repetition"]

1. d4 Nf6 2. Nf3 e6 3. c4 d5 4. cxd5 exd5 5. Bg5 c6 6. Qc2 Nbd7 7. Nc3 Be7 8. e3 O-O 9. Bd3 Re8 10. O-O Nf8 11.
Ne5 h6 12. Bh4 N6d7 13. Bg3 Nxe5 14. Bxe5 Bd6 15. Bg3 Bxg3 16. hxg3 Bd7 17. b4 Rc8 18. Qb2 a6 19. a4 b5 20. axb5 axb5 21. e4 dxe4 22. Nxe4 Ne6 23. Nd6 Qe7 24. Nxc8 Rxc8 25.
Ra7 Qd6 26. Rd1 Nc7 27. Be4 Be6 28. Qc3 Bd5 29. Bxd5 Nxd5 30. Qc5 Qxc5 31. bxc5 b4 32. Rb7 Re8 33. Ra1 Re6 34. Ra8+ Kh7 35. Rxf7 Nc3 36.
Raa7 Rg6 37. Rab7 Ne2+ 38. Kh2 Rg5 39. g4 Rxg4 40. g3 Nxd4 41. Rf4 Rxf4 42. gxf4 Ne6 43.
Rxb4 Nxc5 44. Rc4 Ne6 45. Rxc6 Nxf4 46. Kg3 Ng6 47. f4 Ne7 48. Rc7 Nf5+ 49. Kg4 Ne3+ 50. Kf3 Nf5 51. Ke4 Nd6+ 52. Ke5 Ne8 53. Rf7 Nf6 54.
Rxf6 gxf6+ 55. Kxf6 h5 56. Kg5 h4 57. Kxh4 Kg6 58.
Kg4 Kf6 59. f5 Kf7 60. Kg5 Kg7 61. f6+ Kf7 62. Kf5 Kf8 63. Kg6 Kg8 64. Kg5 Kf7 65.
Kf5 Kf8 66. Ke5 Kf7 67. Kf5 1/2-1/2

[Event "*** Titled Tuesday Blitz"]
[Site "Chess.com"]
[Date "2020.03.03"]
[Round "5"]
[White "Zq1"]
[Black "ahkashefi2800"]
[Result "1-0"]
[WhiteElo "2547"]
[BlackElo "2105"]
[TimeControl "180+1"]
[EndTime "9:52:54 PST"]
[Termination "Zq1 won by resignation"]

1. d4 d5 2. c4 dxc4 3. e3 Nf6 4. Bxc4 e6 5. Nf3 c5 6. O-O a6 7. Bb3 b5 8. a4 b4 9. Qe2 Bb7 10. Nbd2 Nbd7 11. a5 Be7 12. e4 cxd4 13. e5 Nd5 14. Nc4 Nc5 15. Bc2 b3 16. Bb1 Nb4 17. Bf4 d3 18.
Qe3 Nc2 19. Bxc2 dxc2 20. Nd6+ Bxd6 21. exd6 Ne4 22. Qxb3 Bd5 23. Qxc2 Nxd6 24. Qa4+ Nb5 25. Qb4 Qe7 26. Qxe7+ Kxe7 27. Ne5 Rhc8 28. Rfc1 Nd4 29.
Rxc8 Rxc8 30. Be3 Nb3 31. Ra3 Rc2 32. Nd3 Bc4 33. h3 Bxd3 34. Rxb3 Bb5 35. Rc3 Rxb2 36.
Rc7+ Ke8 37. Bc5 Bd7 38. Ra7 f6 39. Rxa6 e5 40. Ra8+ Kf7 41. a6 Ra2 42. a7 Bc6 43.
Rc8 Bd5 44. f3 g5 45. Rc7+ Kg6 46. Kh2 h5 47. h4 Bxf3 48. Kg3 Bxg2 49. hxg5 fxg5 50.
Bf8 Be4 51. Rg7+ Kf6 52. Rc7 Rg2+ 53. Kh3 g4+ 54. Kh4 Rh2+ 55. Kg3 Rh3+ 56. Kf2 Ra3 57. Bxa3 h4 58. Be7+ Kf5 59. Bxh4 1-0

[Event "*** Titled Tuesday Blitz"]
[Site "Chess.com"]
[Date "2020.03.03"]
[Round "5"]
[White "Monmoransy"]
[Black "AlexTruskavetsky"]
[Result "1/2-1/2"]
[WhiteElo "2588"]
[BlackElo "2421"]
[TimeControl "180+1"]
[EndTime "9:52:55 PST"]
[Termination "Game drawn by repetition"]

1. e4 c5 2. Nf3 e6 3. b3 Nf6 4. e5 Nd5 5. c4 Ne7 6. Bb2 Nbc6 7. g3 Nf5 8. Bg2 Be7 9. O-O O-O 10. Na3 a6 11. Nc2 d5 12. exd6 Bf6 13. Bxf6 Qxf6 14. Re1 Rd8 15. Qe2 Rxd6 16. Rad1 Bd7 17. Ne5 Rd8 18. f4 Ncd4 19. Nxd4 Nxd4 20. Qf2 b5 21. Be4 Be8 22. d3 b4 23. g4 g5 24. h4 Qxf4 25.
Qxf4 gxf4 26. g5 Bc6 27. Kg2 Bxe4+ 28. Rxe4 Nf5 29. Kh3 Rd4 30. Rf1 Rxe4 31. dxe4 Ne7 32. Rxf4 Ng6 33. Nxg6 hxg6 34. Kg3 Rd2 35. Rf2 Rxf2 36.
Kxf2 e5 37. Kg3 Kg7 38. Kg4 Kh7 39. Kg3 Kg7 40. Kg4 Kh7 41. h5 Kg7 42. Kh4 Kh7 43. Kg4 a5 44. Kh4 Kg7 45. Kg4 Kh7 46. Kh4 Kg7 47.
Kg4 Kh7 1/2-1/2

[Event "*** Titled Tuesday Blitz"]
[Site "Chess.com"]
[Date "2020.03.03"]
[Round "5"]
[White "GianmarcoVaR"]
[Black "TwentyHourADay"]
[Result "0-1"]
[WhiteElo "2543"]
[BlackElo "2321"]
[TimeControl "180+1"]
[EndTime "9:52:56 PST"]
[Termination "TwentyHourADay won on time"]

1. d4 Nf6 2. Nf3 g6 3. Bg5 Bg7 4. Nbd2 h6 5. Bh4 d6 6. c3 Nbd7 7. e4 O-O 8. Be2 Qe8 9. O-O e5 10. dxe5 dxe5 11. Qc2 Nh5 12. Rfe1 Kh7 13. a4 Nc5 14. b4 Ne6 15. Nc4 Nef4 16. Bf1 Bg4 17. Nfd2 g5 18. Bg3 Be6 19. Ne3 Bf6 20. a5 Ng6 21. f3 Rg8 22. Bf2 Ngf4 23. g4 Ng7 24.
Nb3 h5 25. h3 hxg4 26. hxg4 Rh8 27. Nc5 Be7 28. Nxe6 fxe6 29. Nc4 Bf6 30. Rad1 Qg6 31. Rd7 Qh6 32. Bg3 Kg6 33. Bg2 Rad8 34. Red1 Rxd7 35. Rxd7 Rd8 36. Rxd8 Bxd8 37. Nxe5+ Kf6 38. Qd2 Be7 39.
Qd4 Ne2+ 40. Kf2 Nxd4 41. cxd4 Bd6 42. Bf1 Bxe5 43. Bxe5+ Kf7 44. Bxc7 Qf6 45. Be5 Qe7 46. b5 Qb4 47. a6 bxa6 48. bxa6 Qd2+ 49. Be2 Ne8 50.
Kf1 Nf6 51. Kf2 Nd7 52. Bh8 e5 53. dxe5 Ke6 54. Kf1 Nxe5 0-1

[Event "*** Titled Tuesday Blitz"]
[Site "Chess.com"]
[Date "2020.03.03"]
[Round "5"]
[White "praveenb2002"]
[Black "Fighterman91"]
[Result "1-0"]
[WhiteElo "2631"]
[BlackElo "2735"]
[TimeControl "180+1"]
[EndTime "9:52:58 PST"]
[Termination "praveenb2002 won by resignation"]

1. e4 c5 2. Nf3 d6 3. d4 cxd4 4. Nxd4 Nf6 5. Nc3 a6 6. Bg5 Nbd7 7. Qe2 e5 8. Nf5 h6 9. Bh4 g6 10. Ne3 Be7 11. O-O-O b5 12. f3 Bb7 13. Bf2 Nb6 14.
Ned5 Nfxd5 15. Nxd5 Nxd5 16. exd5 Rc8 17. h4 h5 18. Kb1 Kf8 19. Qe1 Qc7 20. Qd2 Bxd5 21. Bd3 Bc4 22. g4 Bxd3 23. Qxd3 Qc4 24. g5 Qxd3 25.
Rxd3 Kg7 26. Bg3 Rc6 27. f4 f6 28. gxf6+ Bxf6 29. fxe5 Bxe5 30. Bxe5+ dxe5 31. Re3 Re8 32. Rhe1 Rc4 33. Rh1 Rf4 34. c3 Kf6 35. Rg3 e4 36. Rhg1 Rg8 37. Rh1 Re8 38. Rhg1 Rg8 39. Rh1 Kf7 40.
Kc1 Re8 41. Rh2 Re6 42. Kd2 Rf5 43. Ke3 Rd5 44. Rf2+ Rf5 45. Rf4 Rxf4 46. Kxf4 Rf6+ 47. Kxe4 Rf2 48. Rf3+ Rxf3 49. Kxf3 Kf6 50. Kf4 Ke6 51. Kg5 Kf7 52. b3 Kg7 53. c4 bxc4 54. bxc4 Kf7 55. c5 Ke6 56. Kxg6 Kd5 57. Kxh5 Kxc5 58. Kg6 Kb4 59. h5 Ka3 60. h6 Kxa2 61. h7 a5 62. h8=Q a4 63. Qc3 a3 64. Qb4 Ka1 65. Qxa3+ 1-0

[Event "*** Titled Tuesday Blitz"]
[Site "Chess.com"]
[Date "2020.03.03"]
[Round "5"]
[White "Philosopherrr"]
[Black "Aygehovit1992"]
[Result "1-0"]
[WhiteElo "2403"]
[BlackElo "2618"]
[TimeControl "180+1"]
[EndTime "9:52:59 PST"]
[Termination "Philosopherrr won on time"]

1. e4 c5 2. Nf3 d6 3. Bb5+ Nd7 4. Ba4 e5 5. c3 Nf6 6. Qe2 Be7 7. O-O O-O 8. d4 cxd4 9. cxd4 exd4 10. Nxd4 Nc5 11.
Bc2 Re8 12. Nc3 Bf8 13. Qf3 Bg4 14. Qg3 Bd7 15. Bg5 h6 16. Bxh6 Nfxe4 17. Nxe4 Nxe4 18.
Qf3 gxh6 19. Bxe4 Qh4 20. Rfe1 Bg7 21. Nf5 Bxf5 22. Qxf5 Re7 23. Bd5 Rf8 24. g3 Rxe1+ 25. Rxe1 Qd8 26. b3 b6 27. h4 Qf6 28. Qd7 Qd4 29.
Bf3 a5 30. Kg2 Qb2 31. Qxd6 Qxa2 32. Qxb6 Qb2 33. Bd5 a4 34. Qb5 a3 35. Re2 Qd4 36. Bc4 Qa7 37. Qa4 Qxa4 38. bxa4 Rc8 39. Ba2 Ra8 40. Bb3 Rb8 41. Ba2 Rb4 42. Re8+ Kh7 43. Bxf7 Rxa4 44. h5 Bd4 45. Re4 Kg7 46. Bb3 Rb4 47.
Ba2 Kf6 48. f4 Rb2+ 49. Kf3 Bc3 50. Re6+ Kg7 51. Rc6 Rxa2 52. Rxc3 Ra1 53. Kg4 a2 54. Ra3 Kf6 55. Ra6+ Kf7 56. Kf5 Ke7 57. g4 Kd7 58.
Ra3 Kd6 59. Ra4 Kc5 60. Kf6 Kb5 61. Ra8 Kb4 62. f5 Kb3 63. Kg6 Rg1 64. Rb8+ Kc3 65. Ra8 Rxg4+ 66. Kxh6 Kb3 67. f6 Rf4 68. Kg5 1-0

[Event "*** Titled Tuesday Blitz"]
[Site "Chess.com"]
[Date "2020.03.03"]
[Round "5"]
[White "Eliclax"]
[Black "almaguerjm"]
[Result "1-0"]
[WhiteElo "1909"]
[BlackElo "2318"]
[TimeControl "180+1"]
[EndTime "9:53:00 PST"]
[Termination "Eliclax won by resignation"]

1. d4 d5 2. c4 Nf6 3. Nc3 g6 4. Bf4 Bg7 5. e3 O-O 6. Nf3 a6 7. a4 b6 8. Bd3 Bb7 9. O-O Nbd7 10.
Rc1 Rc8 11. cxd5 Nxd5 12. Nxd5 Bxd5 13. Bxa6 e5 14. dxe5 Bxf3 15. Qxf3 Ra8 16. Bb5 Nxe5 17. Bxe5 Bxe5 18. Rfd1 Qh4 19. g3 Qb4 20. Rc2 Rad8 21. Kg2 Rxd1 22. Qxd1 Bd6 23. Qd5 h5 24. b3 Kg7 25.
Bc4 Qa3 26. Qd4+ Kh7 27. Rd2 Qc5 28. Qf6 Be7 29. Qf4 Bg5 30. Qe4 Kg7 31. Rd7 Bf6 32. Qf4 c6 33. Qf3 b5 34. axb5 cxb5 35. Rd5 Qa3 36.
Rxb5 Qb2 37. Rb7 Qc2 38. Qd5 Kh6 39. Rxf7 Rxf7 40. Qxf7 Qe4+ 41. Kg1 Qb1+ 42. Bf1 Qb2 43. Qf8+ Bg7 44. Qf4+ Kh7 45. Qc4 Bf8 46. Qf7+ Bg7 47.
Qe7 Kh6 48. b4 Bf6 49. Qc5 h4 50. b5 hxg3 51. hxg3 Qb1 52. b6 Bd8 53. Qf8+ Kh5 54. Qxd8 g5 55. Qh8+ Kg4 56. Qc8+ Kf3 57. Qc6+ Kg4 58.
Qe6+ Kh5 59. Qh3+ Kg6 60. Kh2 Qxb6 61. Bd3+ Kg7 62. Qh7+ Kf8 63. Qh8+ Ke7 64. Qg7+ Kd8 65. Qxg5+ Kc7 66. Qe7+ Kb8 67. Be4 Qh6+ 68. Kg2 Qb6 69. Qe5+ Ka7 70. Qd4 1-0

[Event "*** Titled Tuesday Blitz"]
[Site "Chess.com"]
[Date "2020.03.03"]
[Round "5"]
[White "Haykoooo0o"]
[Black "Keaton87"]
[Result "1/2-1/2"]
[WhiteElo "2487"]
[BlackElo "2655"]
[TimeControl "180+1"]
[EndTime "9:53:01 PST"]
[Termination "Game drawn - insufficient material"]

1. d4 d5 2. c4 e6 3. Nf3 a6 4.
g3 dxc4 5. Bg2 Nf6 6. O-O b5 7. a4 Bb7 8. b3 cxb3 9. Qxb3 c6 10. Nc3 Nbd7 11. Rd1 Be7 12. e4 O-O 13. e5 Nd5 14.
Ne4 c5 15. dxc5 Nxc5 16. Nxc5 Bxc5 17. axb5 Qb6 18. Qc2 Nb4 19. Qb1 Bxf2+ 20. Kh1 Qxb5 21. Ng5 Bxg2+ 22. Kxg2 g6 23. Kxf2 f6 24. Nf3 fxe5 25.
Qe4 Rad8 26. Bh6 Nd3+ 27. Kg1 Qc5+ 28. Be3 Qd5 29. Qxd5 exd5 30. Ng5 Nb4 31. Ne6 Nc2 32. Bg5 Nxa1 33. Nxd8 h6 34. Bxh6 Rxd8 35. Rxa1 Rd6 36. Kf2 Kf7 37. Ke2 Ke6 38. Bd2 d4 39. Kd3 Rb6 40. Ke4 Kd6 41. Ra5 Rb2 42. Rd5+ Kc6 43. Bg5 Re2+ 44. Kd3 Kxd5 45. Kxe2 a5 46. Be7 a4 47. h4 e4 48. g4 Ke5 49. h5 gxh5 50. gxh5 Kf5 51. Kd2 Ke6 52. h6 Kf7 53. Bc5 Kg6 54.
Bxd4 Kxh6 55. Ke3 Kg6 56. Kxe4 a3 57. Ba1 a2 58. Kd3 Kf7 59. Kc4 Ke6 60. Kb3 Kd5 61. Kxa2 1/2-1/2

[Event "*** Titled Tuesday Blitz"]
[Site "Chess.com"]
[Date "2020.03.03"]
[Round "5"]
[White "Man-Chuk"]
[Black "Willychess95"]
[Result "1-0"]
[WhiteElo "2768"]
[BlackElo "2559"]
[TimeControl "180+1"]
[EndTime "9:53:05 PST"]
[Termination "Man-Chuk won on time"]

1. d4 Nf6 2. c4 d6 3. Nf3 Nbd7 4. Nc3 e5 5. g3 g6 6. Bg2 Bg7 7. O-O O-O 8. e4 exd4 9. Nxd4 Re8 10. h3 a5 11. Be3 Nc5 12. Qc2 Qe7 13. Rfe1 c6 14.
Rad1 Nfd7 15. b3 Ne6 16. Nxe6 Qxe6 17. f4 Nc5 18. e5 Qf5 19. Qxf5 Bxf5 20. Rxd6 Nd3 21.
Rd1 Nb4 22. g4 Be6 23. R6d2 f6 24. exf6 Bxf6 25. Ne4 Bg7 26. a3 Na6 27. Bb6 a4 28. b4 Bxc4 29. Nd6 Bb3 30. Nxe8 Rxe8 31. Rd8 Kf7 32. R1d7+ Re7 33. Rxe7+ Kxe7 34. Ra8 Bb2 35. Ra7 Bxa3 36. b5 cxb5 37. Bxb7 Bc5+ 38. Bxc5+ Nxc5 39. Bc6+ Kd6 40. Bxb5 h5 41. f5 hxg4 42. fxg6 gxh3 43. g7 Ke5 44. Ra8 a3 45. Rxa3 Bd5 46.
Rxh3 Kf6 47. Rh5 1-0

[Event "*** Titled Tuesday Blitz"]
[Site "Chess.com"]
[Date "2020.03.03"]
[Round "5"]
[White "talman67"]
[Black "Jumbo"]
[Result "0-1"]
[WhiteElo "2554"]
[BlackElo "2729"]
[TimeControl "180+1"]
[EndTime "9:53:07 PST"]
[Termination "Jumbo won by resignation"]

1. e4 e5 2. Nf3 Nc6 3. Bb5 a6 4. Ba4 Nf6 5. O-O Be7 6. Re1 b5 7.
Bb3 d6 8. c3 O-O 9. h3 Nb8 10. d4 Nbd7 11. Nbd2 Bb7 12. Bc2 Re8 13. Nf1 Bf8 14. Ng3 g6 15. a4 Nb6 16. b3 bxa4 17.
bxa4 a5 18. Bg5 h6 19. Bc1 Qc8 20. Bb3 Ba6 21. Nd2 Bg7 22. Qf3 d5 23. exd5 exd4 24. Bb2 Rb8 25. d6 cxd6 26. Nde4 Qd8 27. cxd4 Bc4 28.
Bxc4 Nxc4 29. Bc3 Nd5 30. Rab1 Qd7 31. Qd3 Qxa4 32. h4 Qc6 33. h5 Rxb1 34. Rxb1 Nf4 35. Qf3 Nxh5 36. Nxh5 Qxe4 37. Qxe4 Rxe4 38. Rb8+ Kh7 39.
Nxg7 Kxg7 40. d5+ Ne5 41. Bxa5 Rd4 42. Bc3 Rd3 43. Bb2 g5 44. Rb5 Kf6 45. g3 Kf5 46.
Kg2 g4 47. Bxe5 dxe5 48. Rb7 f6 49. Rh7 Kg6 50. Rd7 h5 51. d6 Rd2 52. Rd8 Kf7 53.
Rh8 Kg6 54. Rd8 Kf5 55. Rh8 Rxd6 56. Rxh5+ Ke4 57. Rh8 Rd2 58. Rf8 f5 59. Ra8 f4 60.
Ra4+ Rd4 61. gxf4 Rxa4 62. fxe5 Kxe5 0-1

[Event "*** Titled Tuesday Blitz"]
[Site "Chess.com"]
[Date "2020.03.03"]
[Round "5"]
[White "Shield12"]
[Black "moro182"]
[Result "1/2-1/2"]
[WhiteElo "2899"]
[BlackElo "2674"]
[TimeControl "180+1"]
[EndTime "9:53:08 PST"]
[Termination "Game drawn by repetition"]

1. e4 e5 2. Nf3 Nc6 3. Nc3 Nf6 4. Bb5 Bd6 5. d3 O-O 6. a3 h6 7. g4 Bc5 8. Rg1 d5 9. g5 Ng4 10. Rg2 Nd4 11. Nxd4 exd4 12. Nxd5 c6 13. Rxg4 Bxg4 14. Qxg4 cxd5 15. gxh6 g6 16. Bd2 Qb6 17. b4 Qxb5 18. bxc5 dxe4 19. Qg5 Qc6 20. Qe5 f6 21. Qxd4 exd3 22.
O-O-O dxc2 23. Kxc2 Rad8 24. Qg4 Kh7 25. Be3 Rxd1 26.
Kxd1 Rd8+ 27. Kc2 Qd5 28. Qb4 Qd1+ 29. Kb2 Qe2+ 30. Kb3 Rd3+ 31. Ka4 Qc2+ 32. Ka5 Qc3 33. Kb5 Qc2 34. Ka5 Rd7 35. a4 Qf5 36. Qb5 Qe6 37. h4 a6 38. Qb4 Qc6 39. h5 Rd5 40. hxg6+ Kxg6 41. Qg4+ Kf7 42. Qg7+ Ke6 43. Qg8+ Kf5 44. Qh7+ Ke6 45. Qe4+ Kd7 46. Qg4+ Kc7 47. Bf4+ Kd8 48. Qg8+ Ke7 49. Qg7+ Ke6 50. Qg4+ Rf5 51. Qg8+ Kd7 52. Qf7+ Kc8 53. Qf8+ Kd7 54. Qf7+ Kd8 55. Qf8+ Kd7 56. Qf7+ 1/2-1/2

[Event "*** Titled Tuesday Blitz"]
[Site "Chess.com"]
[Date "2020.03.03"]
[Round "5"]
[White "Turkey-Champion"]
[Black "dusanacns"]
[Result "0-1"]
[WhiteElo "2459"]
[BlackElo "2661"]
[TimeControl "180+1"]
[EndTime "9:53:15 PST"]
[Termination "dusanacns won by checkmate"]

1. e4 c6 2. Nc3 d5 3. d4 dxe4 4.
Nxe4 Nf6 5. Nxf6+ exf6 6. c3 Bd6 7. Bd3 O-O 8. Ne2 Re8 9. O-O Nd7 10. Bf4 Nf8 11. Qd2 Bg4 12. f3 Be6 13. Rfe1 a5 14. Ng3 Ng6 15. Bxd6 Qxd6 16. Bxg6 fxg6 17. Ne4 Qc7 18.
Rac1 Bxa2 19. c4 Bb3 20. Nc5 a4 21. Qc3 h5 22. Nxb3 axb3 23. Qxb3 Kh7 24. Qd3 Qb6 25. Qd2 Rxe1+ 26. Rxe1 Rd8 27. Rd1 Qb3 28. Rc1 c5 29. d5 b5 30. Qc3 Qa2 31. cxb5 Rxd5 32. b6 Rd4 33. Qxc5 Qxb2 34. h3 Rb4 35. Qc7 Rxb6 36. Qc3 Qb5 37. Rc2 Re6 38. Qd2 Qf5 39. Qf2 Rd6 40.
Rd2 Rc6 41. Rd1 Rc2 42. Rd2 Rc1+ 43. Kh2 Qe5+ 44. g3 Qa1 45. Kg2 Re1 46. g4 Qe5 47. f4 Qe4+ 48. Kg3 g5 49. gxh5 gxf4+ 50. Kh4 f3+ 51. Kg3 Qe5+ 52. Kxf3 Qe4+ 53. Kg3 Re3+ 54. Kh2 Qe5+ 55. Kg2 Qe4+ 56. Kh2 f5 57. Qg2 Qe5+ 58. Kg1 Re1+ 59. Kf2 Qe3# 0-1

[Event "*** Titled Tuesday Blitz"]
[Site "Chess.com"]
[Date "2020.03.03"]
[Round "5"]
[White "IMDT02"]
[Black "MikaelyanArman"]
[Result "1-0"]
[WhiteElo "2478"]
[BlackElo "2639"]
[TimeControl "180+1"]
[EndTime "9:53:15 PST"]
[Termination "IMDT02 won by resignation"]

1. d4 Nf6 2. c4 g6 3. Nc3 Bg7 4. e4 O-O 5. f3 c5 6. Nge2 d6 7. Be3 Nc6 8. d5 Ne5 9. Ng3 e6 10.
Be2 a6 11. a4 h5 12. O-O Re8 13.
h3 exd5 14. cxd5 h4 15. Nh1 Rb8 16. Bg5 Qb6 17. Qc2 Nh5 18. Bxh4 Nf4 19. a5 Qb4 20. Ra4 Nxe2+ 21. Qxe2 Qb3 22. Rfa1 Bd7 23. R1a3 Bxa4 24. Rxb3 Bxb3 25. Nf2 b5 26. axb6 Rxb6 27. f4 Nc4 28.
e5 dxe5 29. Nfe4 Rbb8 30. Nxc5 exf4 31. Qf2 Ne3 32. Nxb3 Rxb3 33. d6 Rb7 34. Be7 Nf5 35.
Nd5 Bd4 36. Nf6+ Kh8 37. Qxd4 Nxd4 38. Nxe8 Nf5 39. Nc7 Rxc7 40. Bf6+ Kh7 41. dxc7 Nd6 42. Be5 Nc8 43. Bxf4 Kg7 44. Kf2 Kf6 45. Ke3 Kf5 46.
g4+ Ke6 47. Ke4 f6 48. h4 f5+ 49. gxf5+ gxf5+ 50. Kd4 Kf6 51. h5 Kg7 52. Kc5 Kf6 53. Kc6 Ne7+ 54. Kb7 Ke6 55. c8=Q+ Nxc8 56. Kxc8 Kf7 57.
Kd7 1-0

[Event "*** Titled Tuesday Blitz"]
[Site "Chess.com"]
[Date "2020.03.03"]
[Round "5"]
[White "VALPARAISO37"]
[Black "DenishevM"]
[Result "0-1"]
[WhiteElo "2387"]
[BlackElo "2593"]
[TimeControl "180+1"]
[EndTime "9:53:16 PST"]
[Termination "DenishevM won on time"]

1. d4 Nf6 2. c4 c5 3. d5 b5 4.
cxb5 a6 5. b6 g6 6. Nc3 d6 7. e4 Nbd7 8. a4 Nxb6 9. a5 Nbd7 10. f4 Bg7 11. Bc4 O-O 12. Nf3 Rb8 13.
O-O Ne8 14. Qd3 Nc7 15. Ra2 Nf6 16. h3 Bd7 17. e5 Nfe8 18. Ne4 Nb5 19. g4 Qc7 20. e6 fxe6 21. Neg5 Nd4 22. dxe6 Bc6 23. Bxa6 Rb3 24. Qd1 h6 25. Bc4 Rb4 26. b3 hxg5 27.
Nxg5 d5 28. Qd3 Rf6 29. f5 dxc4 30. bxc4 Rb3 31. Bf4 Rxd3 32. Bxc7 Nxc7 33. a6 gxf5 34. a7 fxg4 35. Rb1 Rf8 36. Rb8 Na8 37. hxg4 Rg3+ 38. Kh2 Rxg4 39. Nf7 Nxe6 40. Kh3 Rxc4 41. Rf2 Rc3+ 42.
Kh4 Rf3 43. Rxf3 Bxf3 44. Ng5 Nxg5 45. Kxg5 c4 46. Rb4 c3 47. Rc4 Bf6+ 48. Kg6 Bd5 49.
Rc5 Bf7+ 50. Kh6 Bg7+ 51. Kg5 Rd8 52. Rc6 Bf6+ 53. Kg4 Kg7 54. Rc5 Rd4+ 55. Kg3 Ra4 56. Rxc3 Bxc3 57. Kf3 Rxa7 58. Ke3 Bf6 0-1

[Event "*** Titled Tuesday Blitz"]
[Site "Chess.com"]
[Date "2020.03.03"]
[Round "5"]
[White "Elshan1985"]
[Black "ChainsOfFantasia"]
[Result "1/2-1/2"]
[WhiteElo "2713"]
[BlackElo "2539"]
[TimeControl "180+1"]
[EndTime "9:53:20 PST"]
[Termination "Game drawn by agreement"]

1. c4 e6 2. d4 d5 3. Nc3 Nf6 4.
cxd5 Nxd5 5. e4 Nxc3 6. bxc3 c5 7. Nf3 cxd4 8. cxd4 Bb4+ 9. Bd2 Bxd2+ 10. Qxd2 O-O 11. Bb5 a6 12. Ba4 b5 13. Bb3 Bb7 14. Qe3 Nd7 15.
O-O h6 16. Rfd1 Qe7 17. h3 Rac8 18. Rd2 Nf6 19. d5 exd5 20. e5 Ne4 21. Rd3 Rfd8 22. Rad1 Nc5 23. Rd4 Nxb3 24. axb3 Qe6 25. b4 Re8 26.
Rg4 Rc4 27. Rdd4 Bc8 28. Rg3 Kf8 29. Kh2 Bb7 30. Rgg4 Rec8 31. Rdf4 Rxf4 32. Rxf4 Re8 33.
Qa7 Qe7 34. e6 f6 35. Nd4 Kg8 36. Qb6 Bc8 37. Rf3 Qxb4 38. Rg3 Qe7 39. Nf5 Qxe6 40. Qc7 Bd7 41. Rxg7+ Kh8 42. Qxd7 Qxd7 43. Rxd7 Rb8 44.
Rxd5 b4 45. Ne3 b3 46. Rd1 a5 47. Nc4 a4 48. Na3 b2 49. f3 Rb3 50. Nb1 a3 51. Nxa3 Rxa3 52. Rd8+ Kg7 53. Rb8 Ra2 54. Kg3 Kg6 55. h4 h5 56. Kf4 Kg7 57. Rb7+ Kg6 58.
Rb5 Kf7 59. g4 hxg4 60. fxg4 Kg6 61. h5+ Kg7 62. Rb7+ Kh6 63. Rb6 Kg7 64. Kf5 Ra5+ 65. Kf4 Ra4+ 66. Kg3 Ra3+ 67. Kh4 Ra2 68. Rb7+ Kh6 69.
Rb6 Kg7 70. Rb4 Kh6 71. Rb5 Kg7 72. Rb6 Kf7 73. Rb7+ Ke6 74. h6 Ra1 75. Rxb2 Rh1+ 76. Kg3 Rxh6 1/2-1/2

[Event "*** Titled Tuesday Blitz"]
[Site "Chess.com"]
[Date "2020.03.03"]
[Round "5"]
[White "vlad10898"]
[Black "ChelsieMonica"]
[Result "1-0"]
[WhiteElo "2680"]
[BlackElo "2149"]
[TimeControl "180+1"]
[EndTime "9:53:26 PST"]
[Termination "vlad10898 won by resignation"]

1. e4 e5 2. Nf3 Nc6 3. Bc4 Be7 4. O-O Nf6 5. d3 O-O 6. Re1 a6 7. a4 d6 8. c3 Bg4 9. Nbd2 Na5 10. Ba2 c5 11. h3 Bh5 12. Nf1 Re8 13. Ng3 Bg6 14. Nh4 Rc8 15. Nhf5 Bf8 16. Bg5 c4 17. d4 h6 18.
Bxf6 Qxf6 19. Ne3 Qd8 20. dxe5 dxe5 21. Qxd8 Rexd8 22. Rad1 Rd3 23. Rxd3 cxd3 24. Rd1 Rd8 25. Nd5 h5 26. Rxd3 h4 27. Nf1 Nc6 28. Nd2 Kh7 29.
b4 Kh6 30. f3 a5 31. b5 Bc5+ 32. Kf1 Ne7 33. Ke2 Nxd5 34. Rxd5 Rc8 35. Rxe5 f6 36.
Be6 Rc7 37. Rd5 b6 38. Rd7 Rc8 39. c4 Re8 40. Bf7 Bxf7 41. Rxf7 Kg6 42. Rd7 f5 43.
Kd3 Bb4 44. exf5+ Kxf5 45. Ne4 g6 46. Rf7+ Ke5 47. Rf6 Rd8+ 48. Ke2 Kd4 49. Rxg6 Kxc4 50. Rxb6 Kb3 51. f4 Kxa4 52. f5 Re8 53. Kd3 Rd8+ 54.
Kc4 Re8 55. Nd6 Bxd6 56. Rxd6 Re4+ 57. Kd5 Rf4 58. Ke5 Rb4 59. b6 Kb3 60. f6 a4 61. f7 a3 62. f8=Q a2 63. Rd3+ Kc2 64. Qxb4 a1=Q+ 65. Qc3+ Qxc3+ 66. Rxc3+ Kxc3 67. b7 1-0

[Event "*** Titled Tuesday Blitz"]
[Site "Chess.com"]
[Date "2020.03.03"]
[Round "5"]
[White "Anton_Demchenko"]
[Black "EugeneRougon"]
[Result "0-1"]
[WhiteElo "2962"]
[BlackElo "2706"]
[TimeControl "180+1"]
[EndTime "9:53:27 PST"]
[Termination "EugeneRougon won on time"]

1. e4 e6 2. d4 d5 3. Nd2 Be7 4. Ngf3 Nf6 5. e5 Nfd7 6. c3 c5 7. Be2 Nc6 8. O-O g5 9. Nb3 g4 10. Ne1 h5 11. Be3 b6 12. f3 Bg5 13. Qc1 Rg8 14.
Bxg5 Qxg5 15. f4 Qh6 16. Nc2 Bb7 17. Qe3 Ne7 18. Bb5 Nf5 19. Qe1 O-O-O 20. Ne3 c4 21. Nd2 Nf8 22. Ba4 Ng6 23. Nxf5 exf5 24. Qe3 Nf8 25. Bc2 Qg6 26. b3 cxb3 27. axb3 Kb8 28. Ra2 Ne6 29. Rfa1 a5 30. Rb2 h4 31. b4 axb4 32.
Rxb4 Kc7 33. Rab1 Ra8 34. Rxb6 Bc6 35. R6b2 g3 36. h3 Rgb8 37. Rxb8 Rxb8 38. Rxb8 Kxb8 39. Nf3 Qh6 40. Ng5 Nxg5 41. fxg5 Qh5 42. Qf3 Qxg5 43. Bxf5 Qc1+ 44. Qf1 Qxc3 45. Bg4 Qxd4+ 46. Kh1 Qxe5 47.
Bf3 Kc7 48. Qc1 Kd6 49. Qa3+ Ke6 50. Qc1 f5 51. Qh6+ Qf6 52. Qc1 Kf7 53. Qc2 Kg7 54.
Bd1 Qe5 55. Qd2 f4 56. Qb4 d4 57. Bf3 Bxf3 58. gxf3 g2+ 59. Kxg2 Qe2+ 60. Kg1 Qe3+ 61. Kg2 d3 62. Qb7+ Kf6 63. Qc6+ Ke5 64. Qc7+ Kd4 65. Qd6+ Kc3 66. Qa3+ Kc2 67. Qa2+ Kd1 68. Qb1+ Ke2 0-1

[Event "*** Titled Tuesday Blitz"]
[Site "Chess.com"]
[Date "2020.03.03"]
[Round "5"]
[White "giantslayer83"]
[Black "GM_dmitrij"]
[Result "1-0"]
[WhiteElo "2666"]
[BlackElo "2805"]
[TimeControl "180+1"]
[EndTime "9:53:27 PST"]
[Termination "giantslayer83 won by resignation"]

1. d4 Nf6 2. c4 e6 3. Nf3 b6 4. a3 Bb7 5. Nc3 d5 6. Qc2 c5 7. cxd5 cxd4 8. Qa4+ Nbd7 9. dxe6 dxc3 10. exd7+ Qxd7 11. Qxd7+ Nxd7 12. bxc3 Rc8 13. Bd2 Be7 14.
e3 O-O 15. c4 Bxf3 16. gxf3 Ne5 17. f4 Nxc4 18. Bb4 Rfe8 19. Bh3 Rc7 20. Ke2 a5 21.
Bxe7 Rexe7 22. Rhd1 g6 23. a4 Rc5 24. Rab1 Kg7 25. Bg2 Re6 26. Rd5 Rec6 27. Rd7 Rc7 28. Rxc7 Rxc7 29. Bd5 Rc5 30. e4 b5 31. Rxb5 Rxb5 32. axb5 Nb6 33. Kd3 Kf6 34. Kd4 a4 35. Ba2 Ke7 36. Kc5 Nd7+ 37. Kc6 Nb8+ 38. Kc7 Nd7 39. b6 Nc5 40. b7 Na6+ 41. Kc8 Kd6 42. b8=Q+ Nxb8 43. Kxb8 f6 44. Kb7 g5 45. Kb6 gxf4 46.
f3 Ke5 47. Kc5 f5 48. exf5 Kxf5 49. Kd4 Kg5 50. Ke5 h5 51. Bc4 a3 52. Bd5 Kh4 53.
Kxf4 Kh3 54. Kg5 Kxh2 55. f4 Kg3 56. f5 h4 57. f6 h3 58. f7 a2 59. Bxa2 h2 60.
Bd5 1-0

[Event "*** Titled Tuesday Blitz"]
[Site "Chess.com"]
[Date "2020.03.03"]
[Round "5"]
[White "youngKID"]
[Black "Witik"]
[Result "0-1"]
[WhiteElo "2820"]
[BlackElo "2649"]
[TimeControl "180+1"]
[EndTime "9:53:29 PST"]
[Termination "Witik won on time"]

1. Nf3 Nf6 2. g3 d5 3. Bg2 c6 4. O-O Bg4 5. d3 Nbd7 6. Nbd2 e5 7. h3 Bh5 8. e4 Bd6 9. Qe1 O-O 10. Nh4 Re8 11. Nf5 Bf8 12. Nf3 Qc7 13. Bg5 Re6 14. Nh2 dxe4 15. dxe4 Nc5 16. g4 Bg6 17. h4 h6 18. Bxf6 Rxf6 19. g5 hxg5 20. hxg5 Rxf5 21.
exf5 Bxf5 22. Qe2 e4 23. Rae1 Qf4 24. Qe3 Qh4 25. Qg3 Qxg3 26. fxg3 Bg6 27. b4 Ne6 28. Bxe4 Bxe4 29. Rxe4 Nxg5 30. Rc4 Ne6 31. a4 a5 32. bxa5 Rxa5 33. Rb1 b5 34. axb5 cxb5 35. Rc8 Kh7 36. Nf3 b4 37. Kg2 Ra2 38. Kh3 Be7 39. Re1 Ra3 40.
Kg2 Bf6 41. Re4 b3 42. cxb3 Rxb3 43. Rc2 Kg6 44. Rg4+ Kf5 45. Rgc4 g5 46. Rf2 Kg6 47. Re4 Nc5 48. Ne5+ Kg7 49. Ree2 Ne6 50. Ng4 Bd4 51. Rf3 Ba1 52. Rxb3 Nf4+ 0-1